 Dungeon Crawl Stone Soup version 0.24.0-41-g2ae2f7f1be (webtiles) character file.

Game seed: 2344917435975025507, levelgen mode: deterministic

53 Kobolds4U the Conjurer (level 3, 0/19 HPs)
             Began as a Deep Elf Conjurer on Dec 14, 2019.
             Slain by a gnoll
             ... wielding a +0 spear
              (6 damage)
             ... on level 2 of the Dungeon.
             The game lasted 00:02:42 (1663 turns).

Kobolds4U the Conjurer (Deep Elf Conjurer)          Turns: 1663, Time: 00:02:43

Health: 0/19       AC:  2    Str:  6    XL:     3   Next: 62%
Magic:  0/9        EV: 13    Int: 19    God:
Gold:   95         SH:  0    Dex: 15    Spells: 5/8 levels left

rFire    . . .     SeeInvis .   b - +0 dagger
rCold    . . .     Gourm    .   (no shield)
rNeg     . . .     Faith    .   a - +0 robe
rPois    .         Spirit   .   (no helmet)
rElec    .         Reflect  .   (no cloak)
rCorr    .         Harm     .   (no gloves)
MR       .....                  (no boots)
Stlth    ++........             (no amulet)
HPRegen  0.06/turn              (no ring)
MPRegen  0.11/turn              (no ring)

@: no status effects
A: no striking features
a: no special abilities


You were on level 2 of the Dungeon.
You were not hungry.

You visited 1 branch of the dungeon, and saw 2 of its levels.

You collected 95 gold pieces.

Inventory:

Hand Weapons
 b - a +0 dagger (weapon)
Armour
 a - a +0 robe (worn)
Jewellery
 e - an uncursed ring of protection from magic {unknown}
Scrolls
 f - 3 scrolls of identify {unknown}
Potions
 d - a potion of brilliance {unknown}
 h - a potion of cancellation {unknown}
 i - a potion of might {unknown}
 j - a potion of curing {unknown}
Comestibles
 c - 2 rations


   Skills:
 - Level 2.4 Dodging
 - Level 2.4 Stealth
 - Level 3.0 Spellcasting
 + Level 5.9 Conjurations


You had 5 spell levels left.
You knew the following spells:

 Your Spells              Type           Power        Failure   Level  Hunger
a - Magic Dart            Conj           ####         1%          1    None
b - Searing Ray           Conj           ####..       1%          2    ##.....

Your spell library contained the following spells:

 Spells                   Type           Power        Failure   Level  Hunger
 Iskenderun's Mystic Bla  Conj           ####....     13%         4    ####...
 Dazzling Spray           Conj/Hex       ##....       14%         3    ###....
 Force Lance              Conj/Tloc      ##......     41%         4    ####...
 Fulminant Prism          Conj/Hex       ##........   41%         4    ####...


Dungeon Overview and Level Annotations

Branches:
Dungeon (2/15)

Altars:


Message History

Aim: a gnoll, wielding a +0 spear (heavily wounded)
The magic dart hits the gnoll but does no damage.
The gnoll is heavily wounded.
The gnoll hits you but does no damage.
Casting: Magic Dart (safe; 1% risk of failure)
Confirm with . or Enter, or press ? or * to list all spells.
Aiming: Magic Dart (safe; 1% risk of failure)
Press: ? - help, Shift-Dir - straight line, f/p - gnoll
Aim: a gnoll, wielding a +0 spear (heavily wounded)
The magic dart hits the gnoll.
The gnoll is almost dead.
The gnoll hits you from afar with a +0 spear!
Ouch! That really hurt!
Casting: Magic Dart (safe; 1% risk of failure)
Confirm with . or Enter, or press ? or * to list all spells.
You don't have enough magic to cast that spell.
There is a stone staircase leading up here.
The gnoll hits you from afar with a +0 spear.
The gnoll hits you from afar with a +0 spear.
You die...

...##....### #.#
.....#...### #.#####.#
####.##...r.##.#......
# #.###........... ..#
#).# .## ##.## #.
##g.# .. ##..## ..
#.@## #.## ... #..##
##. #


You could see a gnoll.

Vanquished Creatures
  A gnoll (D:2)
  A dart slug (D:1)
  2 leopard geckos
  8 goblins
  7 hobgoblins
  6 kobolds
  4 bats
  2 frilled lizards
  4 rats (D:2)
35 creatures vanquished.

Notes
Turn   | Place    | Note
-------+----------+-------------------------------------------
     0 | D:1      | Kobolds4U the Deep Elf Conjurer began the quest for the
                  | Orb.
     0 | D:1      | Reached XP level 1. HP: 10/10 MP: 6/6
   313 | D:1      | Reached XP level 2. HP: 15/15 MP: 2/8
   317 | D:1      | Learned a level 2 spell: Searing Ray
   502 | D:1      | Reached skill level 5 in Conjurations
  1214 | D:2      | Reached XP level 3. HP: 19/19 MP: 7/9
  1663 | D:2      | Slain by a gnoll

Levels and vault maps discovered:
D:1:      minmay_arrival_loop, layout_loops_ring, serial_park_tiny_pond,
          grunt_decor_mini_mirrors
D:2:      layout_rooms, first_ration

Skill      XL: |  1  2 |
---------------+-------+-----
Conjurations   | 5 |  5.9
Dodging        | |  2.4
Stealth        | |  2.4
Spellcasting   | |  3.0

Action                   || total
-------------------------++-------
Melee: Dagger            ||     3
 Cast: Magic Dart        ||    66
       Searing Ray       ||     2
  Eat: Chunk             ||     2
Armor: Robe              ||     3
Dodge: Dodged            ||    17
